Map: Ultralove

Players

Ottoman

  • Race: Zerg Zerg
  • League: Diamond
  • Spawn Location: 1:00

KimChiStew - Winner!

  • Race: Terran Terran
  • League: Master
  • Spawn Location: 7:00

VOD

Have the link to the VOD?

Description

Time

  • Played on: Oct. 30, 2025, 8:37 p.m.
  • Length: 6:28
Show
View Real Time Build Order
Export as new Build Order

Ottoman Zerg 

Build Orders: Hatch First 

Get SALT Encoding   

  12  0:01  Drone  
  13  0:12  Overlord  
  13  0:16  Drone  
  14  0:32  Drone x2  
  14  0:35  Drone  
  17  0:52  Hatchery  
  17  0:55  Drone  
  17  1:08  Spawning Pool  
  17  1:11  Extractor  
  15  1:13  Extractor  
  15  1:16  Drone  
  15  1:19  Drone  
  15  1:23  Drone  
  17  1:29  Drone  
  18  1:40  Drone  
  19  1:50  Drone  
  20  1:55  Lair  
  20  2:00  Drone  
  21  2:04  Drone  
  22  2:11  Queen  
  25  2:15  Drone  
  25  2:19  Drone  
  26  2:23  Drone  
  26  2:26  Drone  
  28  2:44  Hatchery  
  28  2:47  Drone  
  28  2:52  Overlord  
  28  3:09  Drone, Spine Crawler  
  28  3:10  Drone x3  
  31  3:13  Drone  
  31  3:14  Drone  
  33  3:29  Drone x2, Spire  
  34  3:36  Extractor x2  
  34  3:37  Drone x2  
  34  3:38  Drone  
  34  3:41  Drone  
  36  3:45  Overlord  
  36  3:50  Overlord  
  36  3:59  Drone  
  36  4:00  Drone x3  
  40  4:04  Drone x2  
  40  4:07  Drone  
  43  4:14  Queen  
  45  4:17  Drone  
  45  4:19  Drone  
  44  4:35  Mutalisk x2  
  44  4:36  Mutalisk  
  44  4:38  Mutalisk  
  47  4:43  Zergling x2  
  49  4:48  Zergling x2  
  49  5:00  Zergling x4  
  38  5:16  Mutalisk  
  38  5:17  Roach Warren  
  38  5:20  Zergling x4  
  15  5:58  Mutalisk  
  17  6:06  Spine Crawler  
  16  6:14  Spine Crawler  
Show
View Real Time Build Order
Export as new Build Order

KimChiStew Terran - Winner!

Build Orders: 2 Factory, Hellion Opening 

Get SALT Encoding   

  12  0:00  SCV  
  13  0:13  SCV  
  14  0:21  Supply Depot  
  14  0:25  SCV  
  15  0:32  Refinery  
  15  0:43  SCV  
  15  0:46  Barracks  
  16  0:55  SCV, Refinery  
  17  1:07  SCV  
  18  1:19  SCV  
  19  1:25  Supply Depot  
  19  1:32  Orbital Command  
  19  1:44  Barracks Reactor  
  19  1:46  Factory  
  19  2:04  Factory, SCV  
  20  2:16  SCV  
  20  2:18  Supply Depot  
  21  2:29  Barracks Tech Lab  
  21  2:37  Hellion x2  
  21  2:42  Factory  
  25  2:56  SCV  
  25  2:57  Supply Depot  
  26  2:58  Barracks Tech Lab  
  26  2:59  Infernal Pre-Igniter  
  26  3:04  Hellion  
  28  3:14  Cyclone  
  31  3:23  Hellion  
  33  3:33  Cyclone  
  36  3:38  Marine  
  37  3:45  Supply Depot  
  37  3:51  Cyclone  
  37  3:54  Hellion x2  
  44  3:58  Marine  
  45  4:10  Cyclone  
  45  4:15  Hellion  
  50  4:19  Hellion  
  46  4:57  Hellion x4  
  55  5:42  Hellion x2  
  55  5:52  Supply Depot  
  55  5:59  Supply Depot  
Tags
 
Add a new tag
Caveats
  • Supply blocks, unpowered buildings, or Contaminate may cause inaccurate times.
  • Supply counts are checked every 10 seconds.